[Event "Titled Tuesday Blitz December 7 2021"]
[White "Fawzy, Adham"]
[Black "Manafov, Vugar"]
[WhiteFideId "10613129"]
[BlackFideId "13410814"]
[WhiteElo "2752"]
[BlackElo "2903"]
[Result "0-1"]
[Round "07"]
[TimeControl "180+1"]
[Date "2021.12.07"]
[WhiteClock "0:00:07"]
[BlackClock "0:01:18"]

1. e4 Nf6 2. e5 Nd5 3. Nc3 Nxc3 4. dxc3 g6 5. Nf3 Bg7 6. h4 Nc6 7. Bf4 d6 8. Bb5 Bg4 9. Qe2 a6 10. Bxc6+ bxc6 11. O-O-O O-O 12. Qe3 Qd7 13. Bh6 Qe6 14. Bxg7 Kxg7 15. Qd4 c5 16. Qd5 Qxd5 17. Rxd5 f6 18. exd6 exd6 19. Rd3 Rfe8 20. Re1 Rxe1+ 21. Nxe1 Re8 22. Re3 Rxe3 23. fxe3 Kh6 24. Kd2 Kh5 25. g3 Be6 26. Ke2 Kg4 27. Kf2 Bxa2 28. b3 a5 29. c4 Bb1 30. e4 Kh3 31. Kf3 h5 32. Kf2 Kg4 33. Ng2 g5 34. Ne3+ Kh3 35. hxg5 fxg5 36. Kf3 g4+ 37. Kf4 Kh2 38. c3 Bd3 39. b4 cxb4 40. cxb4 axb4 41. Nd1 b3 42. Nb2 Bc2 43. Na4 h4 44. gxh4 g3 45. Nc3 g2 46. Ne2 b2 47. h5 b1=Q 48. h6 Bxe4 49. h7 Bxh7 50. Ng3 Qb8 51. Kg5 Qg8+ 52. Kh5 Qg6+ 53. Kh4 Qxg3+ 54. Kh5 Qg6+ 55. Kh4 g1=Q 0-1


[Site "https://www.chess.com"]

[Event "Titled Tuesday Blitz December 7 2021"]
[White "Fromm, Marius"]
[Black "Todorovic, Bojan"]
[WhiteFideId "12993190"]
[BlackFideId "917087"]
[WhiteElo "2502"]
[BlackElo "2266"]
[Result "0-1"]
[Round "07"]
[TimeControl "180+1"]
[Date "2021.12.07"]
[WhiteClock "0:00:13"]
[BlackClock "0:00:13"]

1. e4 c5 2. Nf3 e6 3. d4 cxd4 4. Nxd4 a6 5. Bd3 Bc5 6. Nb3 Be7 7. Qg4 Bf6 8. O-O Ne7 9. Nc3 Nbc6 10. f4 d6 11. Be3 O-O 12. Rad1 Qc7 13. a4 b6 14. Nd2 Nb4 15. Nc4 e5 16. f5 Rb8 17. Rf3 b5 18. Rh3 Nxd3 19. cxd3 bxc4 20. Qh5 h6 21. Bxh6 Rd8 22. Bg5 Kf8 23. Bxf6 gxf6 24. Qh8+ Ng8 25. Nd5 Qc5+ 26. Kh1 Bb7 27. Rh7 Bxd5 28. d4 Qb4 29. exd5 Ke7 30. Qg7 Rf8 31. dxe5 dxe5 32. d6+ Kd7 33. Qg4 c3 34. Qf3 c2 35. Rc1 Qxb2 36. Qf1 Qxc1 37. Qxc1 Rb1 38. Qg1 Rxg1+ 39. Kxg1 c1=Q+ 40. Kf2 Qd2+ 41. Kf1 Qxd6 42. Kf2 Qd4+ 43. Kf1 Rb8 44. Rh3 Rb1+ 45. Ke2 Qd1+ 46. Ke3 Rb3+ 47. Ke4 Rxh3 48. gxh3 Qe2+ 49. Kd5 Qxh2 50. Kc5 Qxh3 51. Kb6 Qxf5 52. Kxa6 Qe4 53. a5 Qb4 54. Ka7 Qxa5+ 55. Kb7 Qb5+ 56. Ka7 Kc7 57. Ka8 Qb8# 0-1


[Site "https://www.chess.com"]

[Event "Titled Tuesday Blitz December 7 2021"]
[White "Gaehwiler, Gabriel"]
[Black "Guliev, Logman"]
[WhiteFideId "1314530"]
[BlackFideId "13400061"]
[WhiteElo "2383"]
[BlackElo "2128"]
[Result "1-0"]
[Round "07"]
[TimeControl "180+1"]
[Date "2021.12.07"]
[WhiteClock "0:00:05"]
[BlackClock "0:00:01"]

1. Nf3 Nf6 2. c4 e6 3. g3 d5 4. Bg2 c5 5. O-O Be7 6. d4 O-O 7. cxd5 exd5 8. Nc3 h6 9. dxc5 Bxc5 10. Ne1 d4 11. Nd3 Be7 12. Ne4 Nc6 13. Nxf6+ Bxf6 14. Bd2 Re8 15. Rc1 Bg4 16. Re1 Qb6 17. h3 Bf5 18. Qb3 Rad8 19. Qxb6 axb6 20. Kf1 Rd6 21. Nf4 d3 22. Nxd3 Rxe2 23. Rxe2 Bxd3 24. Ke1 Bxe2 25. Kxe2 Bxb2 26. Rb1 Bd4 27. Bf4 Re6+ 28. Kf1 Bc5 29. Bd5 Re8 30. h4 Ra8 31. Rd1 Ra3 32. h5 Nd4 33. Re1 Kf8 34. Rb1 Nf3 35. Kg2 Nd4 36. Re1 Ne6 37. Be5 Rd3 38. Bf3 Rd2 39. Re2 Rxe2 40. Bxe2 f6 41. Bb8 Ke7 42. Bc4 Nd4 43. Kh3 Bd6 44. Ba7 b5 45. Bd3 Nc6 46. Be3 b4 47. Be4 Ne5 48. Bd4 Nc6 49. Be3 Be5 50. Kg4 Kd6 51. Kf5 Ne7+ 52. Kg4 b6 53. Bxb6 Bc3 54. Kf3 Nc6 55. Be3 Ne5+ 56. Ke2 Bb2 57. Bd2 Bc3 58. Bf4 Ba1 59. Kd2 Kc5 60. Bf5 Bd4 61. Ke2 Nc4 62. Be6 Ne5 63. Bd2 Nc4 64. Be1 Ne5 65. Bg8 Nc6 66. f4 Ne7 67. Be6 Nd5 68. Kd3 Bc3 69. Bf2+ Kd6 70. Bg8 Ne7 71. Bf7 Nf5 72. Kc4 Ne7 73. Bc5+ Kc6 74. g4 1-0


[Site "https://www.chess.com"]

[Event "Titled Tuesday Blitz December 7 2021"]
[White "Goryachkina, Aleksandra"]
[Black "Le, Tuan Minh"]
[WhiteFideId "4147103"]
[BlackFideId "12401153"]
[WhiteElo "2441"]
[BlackElo "2450"]
[Result "0-1"]
[Round "07"]
[TimeControl "180+1"]
[Date "2021.12.07"]
[WhiteClock "0:00:02"]
[BlackClock "0:00:31"]

1. e4 c5 2. Nf3 Nf6 3. Nc3 d5 4. Bb5+ Bd7 5. Bxd7+ Qxd7 6. exd5 Nxd5 7. O-O Nc6 8. Ne4 e6 9. d3 Be7 10. Re1 O-O 11. Ng3 Rac8 12. Bg5 Rfd8 13. Bxe7 Qxe7 14. Qe2 Qf6 15. Rab1 h6 16. Ne4 Qe7 17. g3 b6 18. Rbd1 Nf6 19. Kg2 Rd7 20. Nxf6+ Qxf6 21. Ne5 Nxe5 22. Qxe5 Qd8 23. b3 Rd5 24. Qe4 Qd7 25. h4 Rd8 26. Rd2 b5 27. Rde2 Qc7 28. Qf3 c4 29. dxc4 bxc4 30. Re4 cxb3 31. cxb3 Rf5 32. Qe2 Qc6 33. Kg1 Qb6 34. Qe3 Qa5 35. a4 Rfd5 36. Re5 Rxe5 37. Qxe5 Qb4 38. Qe3 a5 39. Rc1 Qb7 40. Qc3 Qa7 41. Qc5 Qa8 42. Qc6 Qb8 43. Qc5 Qxb3 44. Qxa5 Rd5 0-1


[Site "https://www.chess.com"]

[Event "Titled Tuesday Blitz December 7 2021"]
[White "Gurevich, Dmitry"]
[Black "Savchenko, Boris"]
[WhiteFideId "2000407"]
[BlackFideId "4147332"]
[WhiteElo "2506"]
[BlackElo "2499"]
[Result "0-1"]
[Round "07"]
[TimeControl "180+1"]
[Date "2021.12.07"]
[WhiteClock "0:00:01"]
[BlackClock "0:00:05"]

1. d4 e6 2. c4 b6 3. Nc3 Bb4 4. Bd2 Bb7 5. a3 Bxc3 6. Bxc3 f5 7. f3 Qh4+ 8. g3 Qe7 9. Nh3 Nf6 10. Bg2 d6 11. O-O Nbd7 12. Qc2 a5 13. b4 a4 14. e4 fxe4 15. fxe4 e5 16. d5 h6 17. Nf2 O-O 18. Bh3 Kh8 19. Nd1 Nh7 20. Ne3 Ng5 21. Bg4 Nf6 22. Bf5 Bc8 23. Rae1 Bxf5 24. exf5 e4 25. Ng2 Qd7 26. Nh4 Kg8 27. Bd2 b5 28. Bxg5 hxg5 29. Ng6 Rfe8 30. Qd2 bxc4 31. Qxg5 Qf7 32. Nf4 Re5 33. Ne6 Rxd5 34. Qh4 Re8 35. g4 Re5 36. Nf4 e3 37. Ng6 Qd5 38. Nxe5 Rxe5 39. g5 Nh7 40. Rf4 e2 41. Qg4 Qd2 42. Kf2 Qe3+ 43. Kg2 c3 44. h4 Qd2 45. f6 Qd5+ 46. Kh2 Qe6 47. f7+ Kf8 48. g6 Qxg4 49. Rxg4 Nf6 50. Rf4 c2 51. Rc4 Ng4+ 52. Kg3 Ne3 53. Rc3 Re6 54. Rxe2 Nf5+ 55. Kf2 Rxg6 56. Kf3 Nd4+ 57. Kf2 Rf6+ 58. Ke3 Nxe2 59. Kxe2 Rxf7 60. Kd2 Ke8 61. Kxc2 Kd7 62. Rc4 c6 0-1


[Site "https://www.chess.com"]

[Event "Titled Tuesday Blitz December 7 2021"]
[White "Guz, Ari"]
[Black "Abdilkhair, Abilmansur"]
[WhiteFideId "2825759"]
[BlackFideId "13716417"]
[WhiteElo "1913"]
[BlackElo "2063"]
[Result "1-0"]
[Round "07"]
[TimeControl "180+1"]
[Date "2021.12.07"]
[WhiteClock "0:00:53"]
[BlackClock "0:00:07"]

1. b3 e5 2. Bb2 Nc6 3. g3 g6 4. Bg2 Bg7 5. d3 Nge7 6. Nd2 O-O 7. e4 d5 8. Ne2 a5 9. a3 Be6 10. O-O Qd7 11. Re1 Bh3 12. Bh1 d4 13. f4 Bh6 14. Nc4 b5 15. Nd2 exf4 16. Nxf4 Ne5 17. Nxh3 Qxh3 18. Bxd4 N7c6 19. Bc5 Ng4 20. Nf3 Nce5 21. Qe2 Rfe8 22. Nxe5 Rxe5 23. Bd4 Rd8 24. Bf3 Nxh2 25. Bxe5 Nxf3+ 26. Qxf3 Qe6 27. Qf6 Qxf6 28. Bxf6 Rd6 29. Be5 Rc6 30. c4 a4 31. Bf4 Bg7 32. Rab1 axb3 33. cxb5 Rc3 34. Rec1 Rxd3 35. Bxc7 h5 36. b6 Bd4+ 37. Kg2 b2 38. Rc2 Rb3 39. a4 g5 40. a5 h4 41. gxh4 gxh4 42. a6 h3+ 43. Kh2 Bxb6 44. Bxb6 Rxb6 45. a7 Ra6 46. Rc8+ Kg7 47. a8=Q Rxa8 48. Rxa8 Kf6 49. Ra5 1-0


[Site "https://www.chess.com"]

[Event "Titled Tuesday Blitz December 7 2021"]
[White "Hakemi, Arman"]
[Black "Ferreira, Vitor Hugo Vieira"]
[WhiteFideId "22520805"]
[BlackFideId "2119765"]
[WhiteElo "2208"]
[BlackElo "2216"]
[Result "1-0"]
[Round "07"]
[TimeControl "180+1"]
[Date "2021.12.07"]
[WhiteClock "0:00:32"]
[BlackClock "0:00:50"]

1. e4 c5 2. Nf3 d6 3. Bb5+ Nd7 4. c3 Nf6 5. Qe2 a6 6. Ba4 b5 7. Bc2 Bb7 8. d4 e5 9. O-O Qc7 10. d5 g6 11. Rd1 Bg7 12. a4 c4 13. Na3 Qb6 14. Be3 Nc5 15. Nd2 O-O 16. b4 cxb3 17. Nxb3 Nfd7 18. axb5 axb5 19. Qxb5 Qxb5 20. Nxb5 Nxb3 21. Bxb3 Rxa1 22. Rxa1 Rb8 23. Nxd6 Bf8 24. Nxb7 Rxb7 25. Ba2 Nc5 26. f3 Ra7 27. Kf1 Ra3 28. d6 Nb3 29. d7 Be7 30. Rb1 Rxa2 31. Rxb3 Ra8 32. Rb5 f6 33. Rd5 Kf7 34. c4 Ra1+ 35. Kf2 Bd8 36. c5 Ra2+ 37. Kg3 Rc2 38. Rd6 Ke7 39. Rd1 Rc3 40. Bf2 Rc2 41. h4 h5 42. Be3 Rc3 43. Kf2 Rc2+ 44. Kf1 Rc3 45. Ke2 Rc2+ 46. Kd3 Rxg2 47. Kc4 g5 48. hxg5 fxg5 49. Rd5 Ke6 50. Rd6+ Ke7 51. Kd5 Re2 52. Bxg5+ Kf7 53. Bxd8 Rd2+ 54. Kxe5 Rc2 55. Bb6 1-0


[Site "https://www.chess.com"]

[Event "Titled Tuesday Blitz December 7 2021"]
[White "Hamley, Ryan"]
[Black "Saraci, Nderim"]
[WhiteFideId "30959497"]
[BlackFideId "6351921"]
[WhiteElo "2562"]
[BlackElo "2479"]
[Result "0-1"]
[Round "07"]
[TimeControl "180+1"]
[Date "2021.12.07"]
[WhiteClock "0:00:04"]
[BlackClock "0:00:07"]

1. d4 d5 2. c4 c6 3. Nf3 e6 4. Nc3 dxc4 5. a4 Nf6 6. Ne5 c5 7. dxc5 Qxd1+ 8. Nxd1 Bxc5 9. Nxc4 Nc6 10. e3 e5 11. Nc3 Be6 12. Bd2 O-O 13. O-O-O Rfd8 14. Be2 Nb4 15. Nxe5 Bb3 16. Rde1 Rac8 17. Bd1 Be6 18. Be2 Bf5 19. g4 Na2+ 20. Kd1 Nxc3+ 21. bxc3 Ne4 22. Nd3 Bg6 23. Kc2 Nxf2 24. e4 Bxe4 25. Rhf1 Nxd3 26. Rb1 Nb4+ 27. Kb3 Bxb1 28. cxb4 Rxd2 29. Bc4 Bc2+ 30. Kc3 Bxb4+ 31. Kxb4 Rxc4+ 32. Kxc4 Bd3+ 33. Kc3 Bxf1 34. Kxd2 Bh3 0-1


[Site "https://www.chess.com"]

[Event "Titled Tuesday Blitz December 7 2021"]
[White "Dronavalli, Harika"]
[Black "Krutko, Anatoly"]
[WhiteFideId "5015197"]
[BlackFideId "4185862"]
[WhiteElo "2382"]
[BlackElo "2378"]
[Result "0-1"]
[Round "07"]
[TimeControl "180+1"]
[Date "2021.12.07"]
[WhiteClock "0:00:21"]
[BlackClock "0:00:58"]

1. d4 Nf6 2. Nf3 g6 3. Bg5 Bg7 4. Nbd2 d5 5. e3 O-O 6. Bd3 c5 7. c3 cxd4 8. exd4 Bg4 9. h3 Bxf3 10. Nxf3 Nbd7 11. Qe2 e6 12. Ne5 Qb6 13. Nxd7 Nxd7 14. O-O Rfe8 15. f4 e5 16. fxe5 Nxe5 17. Bb5 Re6 18. a4 a6 19. Bd3 Nxd3 20. Qxd3 Rae8 21. Rf2 Re1+ 22. Rxe1 Rxe1+ 23. Kh2 Bf8 24. Bf4 Re4 25. Qg3 Rxf4 26. Rxf4 Bd6 27. Qf2 g5 28. g3 gxf4 29. gxf4 Qc7 30. Kg3 Qe7 31. Qf3 Qe1+ 32. Kh2 Qh4 33. Qg2+ Kf8 34. Qxd5 Qxf4+ 35. Kg2 Qg3+ 36. Kf1 Qxh3+ 37. Ke2 Qe6+ 38. Qxe6 fxe6 39. Kf3 e5 40. dxe5 Bxe5 41. Ke4 Bc7 42. b4 Ke7 43. c4 a5 44. bxa5 Bxa5 45. c5 Kd7 46. Kd5 Kc7 47. Kc4 Kc6 48. Kd4 h5 49. Ke4 Kxc5 50. Kf5 Kb4 51. Kg5 Kxa4 52. Kxh5 b5 53. Kg4 b4 54. Kf3 b3 55. Ke4 b2 0-1


[Site "https://www.chess.com"]

[Event "Titled Tuesday Blitz December 7 2021"]
[White "Harshavardhan G B"]
[Black "Pacheco Lugo, Alejandro Jose"]
[WhiteFideId "25059009"]
[BlackFideId "3903745"]
[WhiteElo "1825"]
[BlackElo "2125"]
[Result "1-0"]
[Round "07"]
[TimeControl "180+1"]
[Date "2021.12.07"]
[WhiteClock "0:01:30"]
[BlackClock "0:00:31"]

1. Nf3 Nf6 2. c4 e6 3. Nc3 d5 4. e3 c5 5. cxd5 exd5 6. b3 Nc6 7. Bb2 Bd6 8. Be2 O-O 9. O-O d4 10. exd4 cxd4 11. Nb5 d3 12. Bxd3 Bxh2+ 13. Nxh2 Qxd3 14. Nc3 Re8 15. Nf3 Bg4 16. Re1 Bxf3 17. Qxf3 Qxf3 18. gxf3 Red8 19. Rad1 Nd4 20. Kg2 Nh5 21. Re4 f5 22. Rh4 g6 23. Na4 Ne6 24. Be5 Rd5 25. d4 Rad8 26. Nc3 R5d7 27. d5 b5 28. dxe6 Rxd1 29. e7 R1d3 30. exd8=Q+ Rxd8 31. Rd4 Rxd4 32. Bxd4 Nf4+ 33. Kf1 a6 34. a4 bxa4 35. Nxa4 Nd5 36. Nc5 a5 37. Nb7 Nb4 38. Nxa5 Nc2 39. Bc3 Kf7 40. Nc4 Ke6 41. Ke2 f4 42. Kd3 1-0


[Site "https://www.chess.com"]

[Event "Titled Tuesday Blitz December 7 2021"]
[White "Hjartarson, Johann"]
[Black "Kretchetov, Alexandre"]
[WhiteFideId "2300044"]
[BlackFideId "4124588"]
[WhiteElo "2502"]
[BlackElo "2430"]
[Result "0-1"]
[Round "07"]
[TimeControl "180+1"]
[Date "2021.12.07"]
[WhiteClock "0:00:18"]
[BlackClock "0:00:16"]

1. e4 c6 2. d4 d5 3. e5 Bf5 4. Nd2 e6 5. Nb3 Nd7 6. Nf3 Ne7 7. Be3 Bg4 8. Be2 Nf5 9. O-O Be7 10. Bd2 a6 11. c3 c5 12. h3 Bxf3 13. Bxf3 cxd4 14. cxd4 Nb8 15. g4 Nh4 16. Be2 Nc6 17. f4 h5 18. Be3 hxg4 19. hxg4 Qb6 20. Rc1 g5 21. f5 Nxe5 22. Qd2 Nc6 23. fxe6 fxe6 24. Bxg5 Bxg5 25. Qxg5 Nxd4 26. Nxd4 Qxd4+ 27. Rf2 Kd7 28. Rd1 Qc5 29. b4 Qe7 30. Qe5 Raf8 31. Rc1 Qd6 32. Qg7+ Kd8 33. Qg5+ Kd7 34. Qg7+ Kd8 35. Rxf8+ Rxf8 36. Qg5+ Kd7 37. Qxh4 Qf4 38. Rc3 Qd4+ 0-1


[Site "https://www.chess.com"]

[Event "Titled Tuesday Blitz December 7 2021"]
[White "Horvath, Dominik"]
[Black "Andreikin, Dmitry"]
[WhiteFideId "1642561"]
[BlackFideId "4158814"]
[WhiteElo "2803"]
[BlackElo "2993"]
[Result "1/2-1/2"]
[Round "07"]
[TimeControl "180+1"]
[Date "2021.12.07"]
[WhiteClock "0:02:17"]
[BlackClock "0:00:07"]

1. e4 e5 2. Nf3 Nc6 3. Bc4 Bc5 4. c3 Nf6 5. d4 exd4 6. b4 Bb6 7. e5 d5 8. exf6 dxc4 9. Qe2+ Be6 10. b5 Nb4 11. cxb4 Qxf6 12. O-O O-O 13. a4 a6 14. a5 axb5 15. Na3 d3 16. Qd2 Qxa1 17. Bb2 Qa2 18. Ra1 Qb3 19. axb6 c3 20. Bxc3 Rxa3 21. Rxa3 Qxa3 22. Bxg7 Kxg7 23. Qg5+ Kh8 24. Qf6+ Kg8 25. Qg5+ Kh8 26. Qf6+ Kg8 27. Qg5+ Kh8 1/2-1/2


[Site "https://www.chess.com"]

[Event "Titled Tuesday Blitz December 7 2021"]
[White "Ibrahimli, Murad"]
[Black "Vypkhaniuk, Ihor"]
[WhiteFideId "13410229"]
[BlackFideId "14112256"]
[WhiteElo "2109"]
[BlackElo "2327"]
[Result "1-0"]
[Round "07"]
[TimeControl "180+1"]
[Date "2021.12.07"]
[WhiteClock "0:00:29"]
[BlackClock "0:00:02"]

1. Nf3 Nf6 2. d4 g6 3. c4 c5 4. d5 b5 5. Qc2 d6 6. e4 b4 7. h3 Bg7 8. Bd3 O-O 9. O-O a5 10. a4 e6 11. Bf4 Nh5 12. Bg5 Bf6 13. Be3 e5 14. Nbd2 Nf4 15. Rae1 Kg7 16. Bxf4 exf4 17. e5 dxe5 18. Nxe5 Bxe5 19. Rxe5 Nd7 20. Re2 Nf6 21. b3 Qd6 22. Qb2 Kg8 23. Rfe1 Bd7 24. Nf3 Rae8 25. Ne5 Nh5 26. Bb1 f6 27. Nf3 Rxe2 28. Rxe2 Re8 29. Rxe8+ Bxe8 30. Qe2 Bd7 31. Nd2 f5 32. Nf3 Nf6 33. Bd3 Kg7 34. Kf1 h6 35. Ne5 Qe7 36. Bc2 Qd6 37. Nd3 Ne4 38. Kg1 g5 39. f3 Qf6 40. fxe4 Qd4+ 41. Nf2 fxe4 42. Qxe4 1-0


[Site "https://www.chess.com"]

[Event "Titled Tuesday Blitz December 7 2021"]
[White "Itkis, Boris"]
[Black "Mickiewicz, Piotr"]
[WhiteFideId "1209167"]
[BlackFideId "1114891"]
[WhiteElo "2207"]
[BlackElo "2266"]
[Result "1-0"]
[Round "07"]
[TimeControl "180+1"]
[Date "2021.12.07"]
[WhiteClock "0:00:23"]
[BlackClock "0:00:05"]

1. c4 g6 2. Nf3 Bg7 3. g3 d6 4. Bg2 c5 5. O-O Nc6 6. Nc3 Nf6 7. Ne1 O-O 8. Nc2 Bd7 9. Rb1 a5 10. a3 a4 11. b4 axb3 12. Rxb3 Na5 13. Rb1 Qc8 14. d3 Bc6 15. Nd5 Nxd5 16. Bxd5 Bxd5 17. cxd5 Qd7 18. Ne3 b5 19. Bd2 Rfb8 20. Qc2 Nb7 21. Qb3 Nd8 22. Rfc1 e5 23. Nd1 f5 24. Nc3 b4 25. axb4 Rxb4 26. Qc2 Rab8 27. Nd1 R4b7 28. Ne3 f4 29. Nc4 g5 30. Rxb7 Rxb7 31. Rb1 Nf7 32. Qa2 h5 33. Qa8+ Nd8 34. Rxb7 Qxb7 35. Qxd8+ Kh7 36. Qxg5 Qxd5 37. Qxh5+ Kg8 38. Qg6 f3 39. Qe4 Qe6 40. Qxf3 d5 41. Ne3 e4 42. Qf5 Qxf5 43. Nxf5 exd3 44. Nxg7 dxe2 45. Ne6 d4 46. Nxc5 1-0


[Site "https://www.chess.com"]

[Event "Titled Tuesday Blitz December 7 2021"]
[White "Jobava, Baadur"]
[Black "Sviridov, Valery"]
[WhiteFideId "13601520"]
[BlackFideId "4120680"]
[WhiteElo "2932"]
[BlackElo "2999"]
[Result "1-0"]
[Round "07"]
[TimeControl "180+1"]
[Date "2021.12.07"]
[WhiteClock "0:00:03"]
[BlackClock "0:00:02"]

1. e4 e5 2. d4 exd4 3. Nf3 g6 4. Qxd4 Qf6 5. e5 Qe7 6. Nc3 Nc6 7. Qe4 Qb4 8. Bc4 Na5 9. Bd3 Qxe4+ 10. Nxe4 Bg7 11. O-O Nc6 12. Re1 h6 13. c3 Nge7 14. h4 O-O 15. Bf4 b6 16. Rad1 Kh8 17. Bc4 Nd8 18. Nf6 Ne6 19. Bc1 Rd8 20. Bxe6 fxe6 21. Nd4 Bb7 22. Nb5 Bc6 23. Nxc7 Rac8 24. Na6 Nf5 25. g3 Bxf6 26. exf6 Kg8 27. Nb4 Kf7 28. Nd3 Kxf6 29. Ne5 Bd5 30. b3 b5 31. Bb2 d6 32. c4 dxe5 33. Rxe5 Bf3 34. Re3+ Ke7 35. Rxd8 Rxd8 36. Rxf3 bxc4 37. bxc4 Rd2 38. Ba3+ Kd7 39. Kg2 e5 40. Rb3 Rxa2 41. g4 Nd4 42. Rb7+ Ke6 43. Rxa7 Nc6 44. Ra6 Kd7 45. Kf3 g5 46. h5 Nd4+ 47. Ke4 Nc6 48. Kd5 Rd2+ 49. Kc5 Rd6 50. f3 Rf6 51. Bb2 Re6 52. Bc3 Kc7 53. Kd5 Rd6+ 54. Ke4 Re6 55. Ra3 Kd6 56. Kf5 Re8 57. Ra6 Kc5 58. Kg6 Rf8 59. Kxh6 Rxf3 60. Rxc6+ Kxc6 61. Bxe5 Kd7 62. Kxg5 Ke6 63. Bf4 Rc3 64. h6 Rxc4 65. h7 Rc8 66. Kg6 Ra8 67. Bg5 1-0


[Site "https://www.chess.com"]

[Event "Titled Tuesday Blitz December 7 2021"]
[White "Juhasz, Agoston"]
[Black "Shahade, Gregory"]
[WhiteFideId "778346"]
[BlackFideId "2009064"]
[WhiteElo "2211"]
[BlackElo "2664"]
[Result "0-1"]
[Round "07"]
[TimeControl "180+1"]
[Date "2021.12.07"]
[WhiteClock "0:00:04"]
[BlackClock "0:00:48"]

1. e4 e5 2. Nf3 Nc6 3. Bb5 a6 4. Ba4 Nf6 5. O-O Be7 6. Re1 b5 7. Bb3 O-O 8. a4 Bb7 9. d3 d6 10. c3 Nd7 11. Nbd2 Nc5 12. Bc2 Nxa4 13. Bxa4 bxa4 14. Qxa4 Kh8 15. Nc4 f5 16. exf5 Rxf5 17. Ne3 Rxf3 18. gxf3 Qf8 19. Qg4 Qf7 20. d4 exd4 21. cxd4 Nxd4 22. Qxd4 Qxf3 23. Kf1 Rf8 24. Nc4 c5 25. Qe3 Qg4 26. Qg3 Qxc4+ 27. Kg1 Bh4 0-1


[Site "https://www.chess.com"]

[Event "Titled Tuesday Blitz December 7 2021"]
[White "Kadam, Om Manish"]
[Black "Khanin, Semen"]
[WhiteFideId "45076294"]
[BlackFideId "4111990"]
[WhiteElo "1729"]
[BlackElo "2442"]
[Result "0-1"]
[Round "07"]
[TimeControl "180+1"]
[Date "2021.12.07"]
[WhiteClock "0:00:24"]
[BlackClock "0:01:08"]

1. e4 e5 2. Nf3 Nc6 3. Bc4 Bc5 4. c3 Nf6 5. d3 d6 6. b4 Bb6 7. a4 a5 8. b5 Ne7 9. Nbd2 h6 10. Bb3 c6 11. O-O O-O 12. Nc4 Bc7 13. Re1 Be6 14. Ba3 Re8 15. d4 Nxe4 16. dxe5 d5 17. Ncd2 Nxc3 18. Qc1 d4 19. Bxe6 fxe6 20. Nb3 Bb6 21. Bd6 Nf5 22. Nfxd4 Nxd4 23. Qxc3 Qh4 24. Ra2 cxb5 25. axb5 Rec8 26. Qd3 a4 27. Nxd4 Qxd4 28. Qh3 Qd5 29. Ra3 Rc2 30. Rf1 Rxf2 31. Rd3 Rxg2+ 32. Kh1 Rg1# 0-1


[Site "https://www.chess.com"]

[Event "Titled Tuesday Blitz December 7 2021"]
[White "Kalajzic, Ivan"]
[Black "Vovk, Orest"]
[WhiteFideId "14506378"]
[BlackFideId "14113490"]
[WhiteElo "2163"]
[BlackElo "2203"]
[Result "0-1"]
[Round "07"]
[TimeControl "180+1"]
[Date "2021.12.07"]
[WhiteClock "0:00:49"]
[BlackClock "0:00:09"]

1. d4 Nc6 2. Nf3 e6 3. c4 Bb4+ 4. Nbd2 a5 5. a3 Bxd2+ 6. Bxd2 a4 7. Bc3 Nf6 8. g3 d6 9. Bg2 O-O 10. O-O Re8 11. Qc2 e5 12. dxe5 dxe5 13. Rad1 Qe7 14. e3 Bg4 15. h3 Bxf3 16. Bxf3 e4 17. Bg2 Ne5 18. Bxe5 Qxe5 19. Rd4 c5 20. Rd2 h5 21. Rfd1 h4 22. g4 b6 23. Qc3 Qxc3 24. bxc3 Rab8 25. Rb2 Re6 26. Rdb1 Nd7 27. Bf1 Rd6 28. Be2 g6 29. Kf1 f5 30. Ke1 Kf7 31. Rd2 Rxd2 32. Kxd2 Ne5 33. Kc2 fxg4 34. hxg4 g5 35. Rd1 Ke6 36. Rh1 Rf8 37. Rh2 Rh8 38. Kd2 Nf3+ 39. Bxf3 exf3 40. e4 Ke5 41. Ke3 Rf8 42. Rh3 Rf4 43. Rxf3 Rxe4+ 44. Kd3 Rxg4 45. Re3+ Kf6 46. Re8 h3 47. Re1 h2 48. Rh1 Rg2 49. Ke3 g4 50. Ke2 g3 51. Kf3 Rxf2+ 52. Kxg3 Rc2 53. Rf1+ Ke5 54. Rd1 Rxc3+ 55. Kxh2 Rxa3 56. Re1+ Kd4 57. Rc1 Rc3 58. Rb1 Rb3 59. Rc1 a3 60. Kg2 a2 61. Ra1 Rb2+ 62. Kf3 Kxc4 63. Ke3 Kb3 64. Kd3 Rb1 0-1


[Site "https://www.chess.com"]

[Event "Titled Tuesday Blitz December 7 2021"]
[White "Kim, Sergey"]
[Black "Cruz Mendez, Jean Marco"]
[WhiteFideId "13700570"]
[BlackFideId "3526402"]
[WhiteElo "2589"]
[BlackElo "2064"]
[Result "1-0"]
[Round "07"]
[TimeControl "180+1"]
[Date "2021.12.07"]
[WhiteClock "0:00:50"]
[BlackClock "0:00:25"]

1. d4 Nf6 2. c4 g6 3. Nc3 Bg7 4. e4 d6 5. Nge2 O-O 6. Ng3 c5 7. d5 h5 8. h4 a6 9. a4 Nbd7 10. Be2 Rb8 11. O-O Ne5 12. Ra3 Bd7 13. Bf4 Neg4 14. f3 Nh6 15. Qd2 Kh7 16. e5 Ne8 17. Nce4 dxe5 18. Be3 b6 19. Ng5+ Kg8 20. Ne6 Bxe6 21. Bxh6 Bd7 22. Bxg7 Kxg7 23. Qg5 f5 24. f4 e4 25. Bxh5 Kf7 26. Qxg6# 1-0


[Site "https://www.chess.com"]

[Event "Titled Tuesday Blitz December 7 2021"]
[White "King, Alexander"]
[Black "Miszler, Levente"]
[WhiteFideId "2063620"]
[BlackFideId "763276"]
[WhiteElo "2306"]
[BlackElo "1966"]
[Result "0-1"]
[Round "07"]
[TimeControl "180+1"]
[Date "2021.12.07"]
[WhiteClock "0:00:11"]
[BlackClock "0:00:30"]

1. d4 Nf6 2. Bg5 g6 3. Nc3 d5 4. Qd2 Bg7 5. O-O-O c6 6. f3 O-O 7. Bh6 b5 8. h4 a5 9. g4 a4 10. h5 b4 11. Nb1 b3 12. cxb3 axb3 13. a3 Nbd7 14. hxg6 fxg6 15. Bxg7 Kxg7 16. Qh6+ Kg8 17. Nh3 e5 18. Ng5 Qe7 19. e4 exd4 20. exd5 cxd5 21. Bd3 Ba6 22. Bxg6 Rfc8+ 23. Nc3 Nf8 24. Bf7+ Kh8 25. Rde1 Rxc3+ 26. Kb1 Bd3+ 0-1


[Site "https://www.chess.com"]

[Event "Titled Tuesday Blitz December 7 2021"]
[White "Korchmar, Vasiliy"]
[Black "Volkov, Maksim"]
[WhiteFideId "24131750"]
[BlackFideId "54123070"]
[WhiteElo "2370"]
[BlackElo "2081"]
[Result "1-0"]
[Round "07"]
[TimeControl "180+1"]
[Date "2021.12.07"]
[WhiteClock "0:01:48"]
[BlackClock "0:02:15"]

1. e4 e6 2. d4 d5 3. exd5 exd5 4. Nf3 Bd6 5. c4 dxc4 6. Bxc4 Nf6 7. Qe2+ Qe7 8. Qxe7+ Kxe7 9. O-O Rd8 10. Nc3 h6 11. Re1+ Kf8 12. Ne5 Bxe5 13. dxe5 Ng8 14. Nd5 Rd7 15. b3 c6 16. Ba3+ Ke8 17. Nf4 Rd4 18. e6 f5 19. e7 Nf6 20. Nh5 Bd7 21. Nxg7# 1-0


[Site "https://www.chess.com"]

[Event "Titled Tuesday Blitz December 7 2021"]
[White "Koutlas, Nikolaos"]
[Black "Donchenko, Alexander"]
[WhiteFideId "25827138"]
[BlackFideId "24603295"]
[WhiteElo "1525"]
[BlackElo "2494"]
[Result "1/2-1/2"]
[Round "07"]
[TimeControl "180+1"]
[Date "2021.12.07"]
[WhiteClock "0:00:05"]
[BlackClock "0:00:21"]

1. e4 c6 2. d4 d5 3. e5 Bf5 4. h4 h5 5. Bd3 Bxd3 6. Qxd3 Qa5+ 7. Nd2 e6 8. Ne2 Qa6 9. c4 Ne7 10. b3 Nf5 11. Ng3 Nxg3 12. fxg3 Bb4 13. O-O Nd7 14. Nf3 Be7 15. Bg5 dxc4 16. bxc4 Qa3 17. Qe4 g6 18. Rab1 Rb8 19. Rb3 Qxa2 20. Bxe7 Kxe7 21. Qe3 Nb6 22. Ng5 Rhf8 23. d5 Qa5 24. Rb5 cxb5 25. Qc5+ Ke8 26. dxe6 Nxc4 27. exf7+ Rxf7 28. Rxf7 Qb6 29. Qxb6 axb6 30. e6 Ne5 31. Rh7 Rd8 32. Rxb7 Ng4 33. Kf1 Rd6 34. Rb8+ Ke7 35. Rb7+ Ke8 36. Rb8+ Ke7 37. Rb7+ Ke8 1/2-1/2


[Site "https://www.chess.com"]

[Event "Titled Tuesday Blitz December 7 2021"]
[White "Leitao, Rafael"]
[Black "Kamsky, Gata"]
[WhiteFideId "2101246"]
[BlackFideId "2000024"]
[WhiteElo "2715"]
[BlackElo "2900"]
[Result "0-1"]
[Round "07"]
[TimeControl "180+1"]
[Date "2021.12.07"]
[WhiteClock "0:00:18"]
[BlackClock "0:01:10"]

1. c4 e5 2. Nc3 Nc6 3. Nf3 Nf6 4. e4 d6 5. h3 g6 6. d4 Bg7 7. dxe5 Nxe5 8. Nd4 O-O 9. Be2 Re8 10. O-O a6 11. f4 Nc6 12. Nxc6 bxc6 13. Bf3 Be6 14. e5 Nd7 15. Bxc6 Rb8 16. exd6 Rb6 17. Bd5 Rxd6 18. Ne4 Rb6 19. Ng5 Bxd5 20. Qxd5 Qe7 21. Bd2 c6 22. Qf3 h6 23. Rae1 Qc5+ 24. Be3 Rxe3 25. Rxe3 hxg5 26. Kh1 g4 27. hxg4 Rxb2 28. Re8+ Bf8 29. Rd1 Nf6 30. g5 Nxe8 0-1


[Site "https://www.chess.com"]